AoeStats
← 小奶狗

Arena

509405021Analyzed
4v4 RM · 7d ago on Sep 26, 2026· 37m 38s· 8 players
Game mode
Random Map
Map size
Large (8 player)
Population
200
Speed
Normal
Resources
Standard
Victory
Conquest
Starting age
Dark Age
Ending age
Imperial Age
RankedLock teamsTeams togetherTeam positionsShared explorationLock speedFull tech treeHidden civsTurbo modeCheats
Victory
Defeat
🇹🇼 Byzantines · Taiwan
1066
+13
🇹🇼 Franks · Taiwan
1022
+15
🇹🇼 Britons · Taiwan
1020
+15
🇨🇳 Vikings · China
1020
+15
🇲🇽 Spanish · Mexico
1060
-16
🇨🇱 Persians · Chile
1000
-45
🇧🇷 Aztecs · Brazil
993
-14
963
-13
RadiocaT
7:11 Loom
10:37 Feudal Age
11:32 Double-Bit Axe
14:29 Castle Age
12:25 Horse Collar
17:05 Bow Saw
22:01 Stone Mining
23:00 Heavy Plow
23:14 Gold Mining
25:58 Town Watch
27:01 Gold Shaft Mining
26:40 Scale Barding Armor
26:45 Forging
26:39 Scale Mail Armor
30:45 Imperial Age
28:24 Town Patrol
29:50 Squires
29:36 Arson
30:01 Scale Barding Armor
30:31 Iron Casting
31:29 Chain Barding Armor
31:26 Chain Mail Armor
32:02 Conscription
31:46 Chieftains
32:10 Siege Engineers
31:47 Treadmill Crane
33:07 Chemistry
32:28 Ballistics
31:51 Elite Varangian Guard
34:40 Two-Man Saw
33:44 Caravan
33:23 Capped Ram
34:36 Siege Ram
36:27 Blast Furnace
35:47 Chain Barding Armor
36:30 Blast Furnace
36:04 Plate Mail Armor
虎戰
2:32 Loom
11:25 Feudal Age
16:37 Castle Age
20:42 Pikeman
29:37 Imperial Age
29:08 Horse Collar
29:17 Double-Bit Axe
29:38 Scale Mail Armor
29:49 Forging
31:25 Logistica
33:05 Iron Casting
32:46 Chain Mail Armor
32:53 Bow Saw
32:45 Heavy Plow
32:41 Gold Mining
33:28 Elite Varangian Guard
34:34 Gambesons
34:54 Squires
34:46 Arson
37:33 Plate Mail Armor
莖鋼狼
0:27 Loom
10:31 Feudal Age
14:45 Castle Age
13:43 Double-Bit Axe
21:33 Horse Collar
28:13 Imperial Age
27:41 Wheelbarrow
27:58 Fletching
29:18 Conscription
28:48 Pikeman
29:27 Elite Longbowman
31:59 Bow Saw
35:22 Yeomen
36:09 Ballistics
36:50 Chemistry
35:48 Bodkin Arrow
35:54 Padded Archer Armor
35:55 Gold Mining
35:56 Stone Mining
35:53 Spies/Treason
小奶狗
0:26 Loom
11:15 Feudal Age
12:52 Double-Bit Axe
16:12 Castle Age
14:27 Stone Mining
25:03 Gold Mining
29:58 Imperial Age
28:32 Wheelbarrow
28:11 Forging
28:01 Scale Mail Armor
28:38 Bow Saw
29:32 Gambesons
29:48 Squires
29:33 Arson
31:02 Conscription
30:04 Elite Throwing Axeman
33:21 Iron Casting
33:56 Hand Cart
34:18 Chain Mail Armor
36:32 Gold Shaft Mining
38:34 Blast Furnace
38:04 Plate Mail Armor
marcobecerrap
10:26 Feudal Age
12:07 Wheelbarrow
11:18 Double-Bit Axe
14:58 Castle Age
Máximus_Meridius_II :)
9:58 Feudal Age
12:21 Double-Bit Axe
12:18 Horse Collar
18:18 Loom
21:53 Castle Age
21:14 Wheelbarrow
20:27 Town Watch
21:56 Scale Barding Armor
22:01 Forging
21:45 Gold Mining
23:11 Bloodlines
23:41 Gold Shaft Mining
23:59 Heavy Plow
28:45 Capped Ram
32:46 Imperial Age
30:33 Hand Cart
30:17 Stone Mining
31:06 Chain Barding Armor
Jairzin
12:24 Feudal Age
13:17 Double-Bit Axe
13:14 Horse Collar
ediazamaya0
1:52 Loom
16:18 Feudal Age
18:24 Wheelbarrow
17:37 Town Watch
22:24 Arson
Connection lost

Rejoining the realm…

Still unreachable

The connection could not be restored.

Session expired

The server has moved on; the page needs a fresh start.